 Dungeon Crawl Stone Soup version 0.28.0-53-g5a82cb258f (webtiles) character file.

Game seed: 391603347447090193

34 styxcanada the Sneak (level 3, -4/18 HPs)
             Began as a Spriggan Brigand on July 11, 2022.
             Killed from afar by Sigmund (7 damage)
             ... with a magic dart
             ... on level 2 of the Dungeon.
             The game lasted 00:03:49 (1918 turns).

styxcanada the Sneak (Spriggan Brigand)             Turns: 1918, Time: 00:03:50

Health: -4/18      AC:  3    Str:  7    XL:     3   Next: 14%
Magic:  4/4        EV: 16    Int: 12    God:
Gold:   12         SH:  0    Dex: 18    Spells: 2/2 levels left

rFire   . . .      SeeInvis +   a - +2 dagger
rCold   . . .      Faith    .   (no shield)
rNeg    . . .      Spirit   .   b - +0 robe
rPois   .          Reflect  .   (helmet restricted)
rElec   .          Harm     .   c - +0 cloak
rCorr   .          Rampage  .   (gloves unavailable)
Will    .....                   (boots unavailable)
Stlth   ++........              (no amulet)
HPRegen 0.06/turn               (no ring)
MPRegen 0.09/turn               (no ring)

@: confused, very quick
A: very small, no large weapons, unfitting armour, see invisible, speed 3
a: no special abilities


You were on level 2 of the Dungeon.
You visited 1 branch of the dungeon, and saw 2 of its levels.

You collected 12 gold pieces.

Inventory:

Hand Weapons
 a - a +2 dagger (weapon)
Missiles
 d - 4 poisoned darts (quivered)
 e - 2 curare-tipped darts
 f - 53 stones
 g - 21 sling bullets
Armour
 b - a +0 robe (worn)
 c - a +0 cloak (worn)
Scrolls
 h - a scroll of blinking {unknown}
 j - a scroll of identify {unknown}
 k - a scroll of teleportation {unknown}
Potions
 i - 3 potions of brilliance {unknown}


   Skills:
 * Level 1.8 Fighting
 + Level 2.3 Short Blades
 + Level 2.1 Throwing
 * Level 1.6 Dodging
 * Level 7.1 Stealth


You had 2 spell levels left.
You didn't know any spells.
Your spell library contained the following spells:

 Spells                   Type           Power      Damage    Failure   Level
 Portal Projectile        Hex/Tloc       0%         N/A       69%         3
 Blade Hands              Tmut           0%         N/A       100%        5
 Excruciating Wounds      Necr           0%         N/A       100%        5


Dungeon Overview and Level Annotations

Branches:
Dungeon (2/15)

Altars:

Annotations:
D:2 Sigmund


Innate Abilities, Weirdness & Mutations

You are very small and have problems with some larger weapons.
You are too small for most types of armour.
You have supernaturally acute eyesight. (SInv)
You cover ground extremely quickly. (Speed+++)


Message History

You bump into the rock wall.
Sigmund completely misses you.
You bump into the rock wall.
You bump into the rock wall.
Sigmund misses you.
You hit Sigmund.
Sigmund is severely wounded.
Sigmund misses you.
You barely miss Sigmund.
Sigmund is severely wounded.
You feel less confused.
Sigmund hits you from afar with a +0 scythe.
Sigmund points at you and mumbles some strange words.
The puff of flame hits you!
Ouch! That really hurt!
* * * LOW HITPOINT WARNING * * *
Sigmund is nearby!
Throw: 6 darts (poison)
Press: ? - help, Q - select action, (/) - cycle Shift-Dir - straight line, f/p - Sigmund
Aim: Sigmund, wielding a +0 scythe and wearing a +0 robe (severely wounded, slightly transparent, poisoned, 58% to hit)
You throw a poisoned dart.
The poisoned dart closely misses Sigmund.
You start resting.
Sigmund is nearby!
Sigmund gestures at you while chanting.
You are confused.
Non-targeted confused throw: 5 darts (poison)
Press: ? - help, Q - select action, (/) - cycle Dir - look around, f - activate You throw a poisoned dart.
Unknown command.
You bump into the rock wall.
You bump into the rock wall.
You bump into the rock wall.
Sigmund points at you and mumbles some strange words.
You are more confused.
You bump into the rock wall.
Sigmund hits you from afar with a +0 scythe.
* * * LOW HITPOINT WARNING * * *
You're too confused to move!
Sigmund gestures at you while chanting. The magic dart hits you!
You die...

# #.......# #
#.)÷....#
####.......# #####
## @.........## #...
..#
####÷#...######.# ..
# #.##.........##.#
.###)#...#####@....#
#......#.#
##.#####.#
...÷.#...# #.@.....#
#######.###
######### #.......##
# #........# #
#..##.#..#
#..#..#..#
#.....#..#
#...#.#..#
#........#


You could see Sigmund (invisible).

Vanquished Creatures
  2 dart slugs (D:1)
  A ball python (D:2)
  2 endoplasms (D:1)
  A giant cockroach (D:1)
  6 goblins
  A hobgoblin (D:1)
  6 kobolds
  A quokka (D:1)
  2 bats
  2 frilled lizards (D:1)
  3 rats
27 creatures vanquished.

Notes
Turn   | Place    | Note
-------+----------+-------------------------------------------
     0 | D:1      | styxcanada the Spriggan Brigand began the quest for the
                  | Orb.
     0 | D:1      | Reached XP level 1. HP: 10/10 MP: 2/2
   203 | D:1      | Reached skill level 6 in Stealth
   365 | D:1      | Reached XP level 2. HP: 1/15 MP: 3/3
  1182 | D:1      | Found a faded altar of an unknown god.
  1555 | D:2      | Reached skill level 7 in Stealth
  1575 | D:2      | Reached XP level 3. HP: 7/18 MP: 4/4
  1861 | D:2      | Noticed Sigmund
  1918 | D:2      | Killed from afar by Sigmund

Illustrated notes

Levels and vault maps discovered:
D:1:      sevenhm_arrival_forest_fort_small_6, layout_basic,
          dreamdust_ecumenical_altar_hidden_monk_grotto, minmay_split_cup_small
D:2:      layout_loops_cross, uniq_sigmund

Skill      XL: |  1  2 |
---------------+-------+-----
Stealth        | 6 7 |  7.1
Fighting       | |  1.8
Short Blades   | |  2.3
Throwing       | |  2.1
Dodging        | |  1.6

Action                   || total
-------------------------++-------
Melee: Dagger            ||    83
Throw: Dart              ||    19
 Stab: Sleeping          ||     4
Armor: Robe              ||     8
Dodge: Dodged            ||    66
